[ AOE2 MATCH · #506931859 ]
UnrankedVietnamese vs Lithuanians
Player's team · LOSS
[ REPLAY ANALYSIS · EXTRACTED FROM THE RECORDED GAME ]
Feudal
8:50
Castle
22:06
Imperial
36:56
| APM avg | 48.6 |
| APM peak | 97 |
| eAPM avg | 21.5 |
| Villagers / military | 173 / 156 |
Focus
⚔️ 36.0% · 🌾 64.0%
Fire Lancer ×48 · Skirmisher ×47 · Archer ×30 · Scout Cavalry ×13 · Bombard Cannon ×7 · Trebuchet (Packed) ×6
Feudal
9:41
Castle
21:54
Imperial
36:39
| APM avg | 67.9 |
| APM peak | 106 |
| eAPM avg | 37.9 |
| Villagers / military | 235 / 226 |
Focus
⚔️ 41.8% · 🌾 58.2%
Skirmisher ×74 · Hand Cannoneer ×66 · Leitis ×45 · Spearman ×12 · Trebuchet (Packed) ×10 · Archer ×8
Match map
Initial resources + every placement click. Lines = walls · curves = elevation contours. ◆ gold · ⬟ stone · ● berries · ✦ relic · ◌ wall gap
Your base· ✓ Closed at 22:06 · 44t walls · 1 gate(s)
VENÓN | Sigfridinho's base· ✓ Closed at 21:54 · 53t walls · 1 gate(s)
Smoothed initial terrain · ◌ = detected wall gap · hover for details
Inputs per minute
— Trundle the Great - - VENÓN | Sigfridinho
Build order — Trundle the Great
First 150 of 507 actions detected
| 0:00 | Queue | Villager (Male) |
| 0:01 | Queue | Villager (Male) |
| 0:02 | Build | House |
| 0:03 | Build | House |
| 0:21 | Queue | Villager (Male) |
| 0:21 | Queue | Villager (Male) |
| 1:25 | Queue | Villager (Male) |
| 1:48 | Build | Mill |
| 1:57 | Queue | Villager (Male) |
| 2:12 | Build | House |
| 2:13 | Build | House |
| 2:24 | Queue | Villager (Male) |
| 2:48 | Queue | Villager (Male) |
| 3:13 | Queue | Villager (Male) |
| 3:40 | Queue | Villager (Male) |
| 4:05 | Queue | Villager (Male) |
| 4:32 | Queue | Villager (Male) |
| 4:32 | Queue | Villager (Male) |
| 4:32 | Queue | Villager (Male) |
| 5:44 | Queue | Villager (Male) |
| 6:06 | Build | Lumber Camp |
| 6:14 | Research | Loom |
| 6:37 | Research | Feudal Age |
| 8:00 | Build | Palisade Wall |
| 8:06 | Build | Barracks |
| 8:20 | Queue | Villager (Male) |
| 8:47 | Queue | Villager (Male) |
| 8:50 | Age | Feudal Age |
| 8:57 | Queue | Spearman |
| 9:16 | Build | Stable |
| 9:25 | Queue | Villager (Male) |
| 9:28 | Build | House |
| 9:45 | Queue | Villager (Male) |
| 9:59 | Research | Double-Bit Axe |
| 10:06 | Queue | Scout Cavalry |
| 10:06 | Queue | Scout Cavalry |
| 10:30 | Queue | Villager (Male) |
| 10:34 | Build | Farm |
| 10:35 | Build | Farm |
| 10:36 | Build | Farm |
| 10:44 | Build | Farm |
| 10:46 | Queue | Villager (Male) |
| 11:04 | Build | Palisade Wall |
| 11:06 | Build | House |
| 11:09 | Build | House |
| 11:12 | Build | Palisade Wall |
| 11:19 | Queue | Villager (Male) |
| 11:29 | Queue | Scout Cavalry |
| 11:42 | Queue | Villager (Male) |
| 12:07 | Queue | Villager (Male) |
| 12:14 | Build | Archery Range |
| 12:27 | Build | Mining Camp |
| 12:35 | Queue | Villager (Male) |
| 13:18 | Queue | Villager (Male) |
| 13:32 | Queue | Archer |
| 13:45 | Build | Mill |
| 13:51 | Build | Farm |
| 13:59 | Build | Farm |
| 14:00 | Queue | Villager (Male) |
| 14:05 | Queue | Archer |
| 14:08 | Build | Farm |
| 14:12 | Build | Farm |
| 14:20 | Queue | Archer |
| 14:39 | Queue | Villager (Male) |
| 14:44 | Queue | Archer |
| 15:01 | Build | Mill |
| 15:01 | Queue | Villager (Male) |
| 15:06 | Queue | Archer |
| 15:29 | Build | Palisade Wall |
| 15:32 | Queue | Villager (Male) |
| 15:34 | Queue | Archer |
| 15:52 | Queue | Archer |
| 15:54 | Queue | Villager (Male) |
| 16:17 | Queue | Villager (Male) |
| 16:18 | Build | Blacksmith |
| 16:20 | Build | Palisade Wall |
| 16:27 | Queue | Archer |
| 16:44 | Build | Palisade Wall |
| 16:47 | Queue | Villager (Male) |
| 16:56 | Build | House |
| 16:59 | Build | House |
| 17:02 | Build | Palisade Wall |
| 17:10 | Queue | Villager (Male) |
| 17:28 | Research | Fletching |
| 17:34 | Queue | Villager (Male) |
| 17:46 | Research | Horse Collar |
| 17:56 | Build | Palisade Gate |
| 17:58 | Build | Palisade Wall |
| 18:17 | Queue | Villager (Male) |
| 18:18 | Queue | Archer |
| 18:40 | Build | Market |
| 18:45 | Queue | Villager (Male) |
| 18:53 | Queue | Archer |
| 19:26 | Research | Castle Age |
| 19:28 | Queue | Villager (Male) |
| 19:37 | Build | Farm |
| 20:26 | Research | Padded Archer Armor |
| 20:40 | Queue | Archer |
| 20:45 | Build | Lumber Camp |
| 21:16 | Queue | Archer |
| 21:28 | Research | Gold Mining |
| 21:43 | Build | House |
| 21:44 | Build | House |
| 22:06 | Age | Castle Age |
| 22:08 | Build | Town Center |
| 22:09 | Build | Palisade Wall |
| 22:10 | Research | Crossbowman (upgrade) |
| 22:11 | Research | Bodkin Arrow |
| 22:17 | Queue | Archer |
| 22:46 | Queue | Villager (Male) |
| 22:47 | Queue | Archer |
| 23:00 | Queue | Villager (Male) |
| 23:05 | Build | Town Center |
| 23:24 | Queue | Villager (Male) |
| 23:25 | Queue | Archer |
| 23:25 | Queue | Archer |
| 23:43 | Queue | Villager (Male) |
| 24:02 | Queue | Villager (Male) |
| 24:03 | Queue | Archer |
| 24:05 | Queue | Villager (Male) |
| 24:05 | Queue | Villager (Male) |
| 24:13 | Build | Monastery |
| 24:28 | Queue | Villager (Male) |
| 24:28 | Queue | Villager (Male) |
| 24:56 | Queue | Villager (Male) |
| 25:03 | Queue | Archer |
| 25:04 | Queue | Archer |
| 25:07 | Build | Farm |
| 25:08 | Build | Farm |
| 25:09 | Build | Farm |
| 25:15 | Queue | Villager (Male) |
| 25:24 | Queue | Archer |
| 25:31 | Build | House |
| 25:32 | Build | House |
| 25:33 | Queue | Monk |
| 25:34 | Queue | Villager (Male) |
| 25:34 | Queue | Villager (Male) |
| 25:38 | Build | Stable |
| 25:39 | Build | Stable |
| 25:43 | Queue | Monk |
| 26:27 | Queue | Villager (Male) |
| 26:28 | Queue | Villager (Male) |
| 26:30 | Build | Farm |
| 26:31 | Build | Farm |
| 26:37 | Queue | Archer |
| 26:37 | Queue | Archer |
| 26:38 | Build | Farm |
| 26:39 | Queue | Villager (Male) |
| 26:52 | Build | Farm |
| 26:53 | Build | Farm |
Build order — VENÓN | Sigfridinho
First 150 of 617 actions detected
| 0:01 | Queue | Villager (Male) |
| 0:01 | Queue | Villager (Male) |
| 0:02 | Build | House |
| 0:04 | Build | House |
| 0:04 | Queue | Villager (Male) |
| 0:05 | Queue | Villager (Male) |
| 0:06 | Queue | Villager (Male) |
| 0:09 | Queue | Villager (Male) |
| 0:09 | Queue | Villager (Male) |
| 1:21 | Queue | Villager (Male) |
| 1:58 | Queue | Villager (Male) |
| 2:08 | Queue | Villager (Male) |
| 2:23 | Queue | Villager (Male) |
| 2:35 | Build | Lumber Camp |
| 2:45 | Queue | Villager (Male) |
| 3:04 | Queue | Villager (Male) |
| 3:05 | Queue | Villager (Male) |
| 3:23 | Queue | Villager (Male) |
| 3:50 | Queue | Villager (Male) |
| 4:05 | Queue | Villager (Male) |
| 4:15 | Build | House |
| 4:48 | Queue | Villager (Male) |
| 4:49 | Queue | Villager (Male) |
| 5:31 | Build | Barracks |
| 5:38 | Queue | Villager (Male) |
| 5:40 | Queue | Villager (Male) |
| 5:41 | Queue | Villager (Male) |
| 5:45 | Queue | Villager (Male) |
| 5:49 | Queue | Villager (Male) |
| 6:15 | Build | House |
| 6:19 | Research | Loom |
| 6:26 | Queue | Militia |
| 6:32 | Build | House |
| 6:41 | Queue | Militia |
| 6:46 | Queue | Villager (Male) |
| 7:04 | Build | House |
| 7:09 | Queue | Villager (Male) |
| 7:26 | Research | Feudal Age |
| 7:35 | Build | Palisade Wall |
| 8:02 | Queue | Militia |
| 8:16 | Build | Mill |
| 8:40 | Queue | Militia |
| 9:17 | Build | Mining Camp |
| 9:35 | Queue | Villager (Male) |
| 9:41 | Age | Feudal Age |
| 9:53 | Research | Double-Bit Axe |
| 9:55 | Queue | Villager (Male) |
| 10:01 | Research | Man-at-Arms (upgrade) |
| 10:21 | Queue | Villager (Male) |
| 10:28 | Queue | Villager (Male) |
| 10:31 | Research | Arson |
| 10:32 | Queue | Villager (Male) |
| 10:50 | Build | Farm |
| 10:52 | Build | Farm |
| 10:53 | Build | Farm |
| 11:13 | Build | Farm |
| 11:13 | Queue | Villager (Male) |
| 11:37 | Build | House |
| 11:38 | Build | Palisade Wall |
| 11:39 | Build | Palisade Wall |
| 11:40 | Queue | Villager (Male) |
| 11:40 | Queue | Villager (Male) |
| 11:47 | Build | House |
| 11:49 | Build | Palisade Wall |
| 11:50 | Queue | Villager (Male) |
| 11:56 | Queue | Villager (Male) |
| 11:56 | Queue | Villager (Male) |
| 12:09 | Queue | Villager (Male) |
| 12:22 | Queue | Villager (Male) |
| 12:27 | Build | House |
| 12:29 | Queue | Villager (Male) |
| 12:41 | Queue | Spearman |
| 12:50 | Build | Farm |
| 12:56 | Queue | Villager (Male) |
| 13:04 | Queue | Spearman |
| 13:19 | Build | Palisade Gate |
| 13:25 | Queue | Villager (Male) |
| 13:35 | Build | Palisade Wall |
| 13:42 | Queue | Villager (Male) |
| 13:45 | Build | House |
| 13:52 | Queue | Villager (Male) |
| 13:57 | Queue | Spearman |
| 14:01 | Build | Farm |
| 14:03 | Queue | Villager (Male) |
| 14:12 | Build | Palisade Wall |
| 14:18 | Queue | Villager (Male) |
| 14:41 | Build | House |
| 14:42 | Queue | Villager (Male) |
| 14:47 | Queue | Villager (Male) |
| 14:56 | Queue | Villager (Male) |
| 15:04 | Build | Palisade Wall |
| 15:08 | Build | Farm |
| 15:10 | Queue | Villager (Male) |
| 15:30 | Queue | Villager (Male) |
| 15:38 | Build | Archery Range |
| 15:39 | Queue | Villager (Male) |
| 15:55 | Queue | Villager (Male) |
| 16:03 | Queue | Villager (Male) |
| 16:15 | Queue | Villager (Male) |
| 16:20 | Queue | Villager (Male) |
| 16:23 | Build | Lumber Camp |
| 16:24 | Queue | Villager (Male) |
| 16:30 | Build | Gate |
| 16:32 | Build | Blacksmith |
| 16:39 | Build | Palisade Wall |
| 16:40 | Queue | Villager (Male) |
| 16:41 | Queue | Villager (Male) |
| 16:41 | Queue | Villager (Male) |
| 16:47 | Queue | Villager (Male) |
| 16:47 | Queue | Villager (Male) |
| 16:47 | Queue | Villager (Male) |
| 16:57 | Queue | Villager (Male) |
| 17:05 | Queue | Archer |
| 17:08 | Build | Farm |
| 17:09 | Queue | Villager (Male) |
| 17:11 | Build | Farm |
| 17:23 | Queue | Archer ×3 |
| 17:24 | Queue | Villager (Male) |
| 17:32 | Queue | Villager (Male) |
| 17:36 | Queue | Villager (Male) |
| 17:40 | Queue | Villager (Male) |
| 17:42 | Build | Farm |
| 17:49 | Queue | Villager (Male) |
| 17:51 | Build | Farm |
| 17:56 | Build | Farm |
| 17:57 | Queue | Villager (Male) |
| 18:14 | Build | Farm |
| 18:14 | Queue | Villager (Male) |
| 18:21 | Build | Farm |
| 18:22 | Queue | Villager (Male) |
| 18:42 | Queue | Villager (Male) |
| 18:43 | Build | Farm |
| 18:57 | Build | Lumber Camp |
| 19:14 | Research | Castle Age |
| 19:19 | Build | Farm |
| 19:35 | Queue | Skirmisher ×2 |
| 19:48 | Build | Farm |
| 19:53 | Research | Fletching |
| 20:10 | Build | Farm |
| 20:12 | Queue | Archer ×4 |
| 20:22 | Research | Gold Mining |
| 20:35 | Build | Farm |
| 20:40 | Build | Palisade Wall |
| 20:41 | Build | Palisade Wall |
| 20:43 | Build | Farm |
| 20:50 | Queue | Villager (Male) |
| 21:23 | Build | House |
| 21:33 | Queue | Villager (Male) |
| 21:35 | Build | Farm |
| 21:54 | Age | Castle Age |
Match timeline
| 5:31 | VENÓN | Sigfridinho · first_building Barracks |
| 7:35 | VENÓN | Sigfridinho · wall_segment Palisade Wall x6 |
| 8:00 | Trundle the Great · wall_segment Palisade Wall x8 |
| 8:06 | Trundle the Great · first_building Barracks |
| 8:50 | Trundle the Great · age_up feudal |
| 9:16 | Trundle the Great · first_building Stable |
| 9:41 | VENÓN | Sigfridinho · age_up feudal |
| 11:04 | Trundle the Great · wall_segment Palisade Wall x1 |
| 11:12 | Trundle the Great · wall_segment Palisade Wall x1 |
| 11:38 | VENÓN | Sigfridinho · wall_segment Palisade Wall x4 |
| 11:39 | VENÓN | Sigfridinho · wall_segment Palisade Wall x9 |
| 11:49 | VENÓN | Sigfridinho · wall_segment Palisade Wall x11 |
| 12:14 | Trundle the Great · first_building Archery Range |
| 13:35 | VENÓN | Sigfridinho · wall_segment Palisade Wall x1 |
| 14:12 | VENÓN | Sigfridinho · wall_segment Palisade Wall x4 |
| 15:04 | VENÓN | Sigfridinho · wall_segment Palisade Wall x17 |
| 15:29 | Trundle the Great · wall_segment Palisade Wall x8 |
| 15:38 | VENÓN | Sigfridinho · first_building Archery Range |
| 16:20 | Trundle the Great · wall_segment Palisade Wall x4 |
| 16:39 | VENÓN | Sigfridinho · wall_segment Palisade Wall x1 |
| 16:44 | Trundle the Great · wall_segment Palisade Wall x5 |
| 17:02 | Trundle the Great · wall_segment Palisade Wall x15 |
| 17:58 | Trundle the Great · wall_segment Palisade Wall x2 |
| 19:23 | Trundle the Great · first_market_buy 100 food |
| 19:25 | Trundle the Great · first_market_sell 100 wood |
| 20:40 | VENÓN | Sigfridinho · wall_segment Palisade Wall x1 |
| 20:41 | VENÓN | Sigfridinho · wall_segment Palisade Wall x1 |
| 21:54 | VENÓN | Sigfridinho · age_up castle |
| 22:06 | Trundle the Great · age_up castle |
| 22:09 | Trundle the Great · wall_segment Palisade Wall x1 |
| 22:53 | VENÓN | Sigfridinho · first_building Siege Workshop |
| 23:00 | VENÓN | Sigfridinho · wall_segment Palisade Wall x1 |
| 24:13 | Trundle the Great · first_building Monastery |
| 25:49 | VENÓN | Sigfridinho · wall_segment Palisade Wall x1 |
| 26:01 | VENÓN | Sigfridinho · wall_segment Palisade Wall x1 |
| 27:32 | VENÓN | Sigfridinho · first_building Monastery |
| 28:11 | VENÓN | Sigfridinho · first_market_buy 100 stone |
| 28:58 | VENÓN | Sigfridinho · wall_segment Palisade Wall x1 |
| 28:59 | VENÓN | Sigfridinho · wall_segment Palisade Wall x1 |
| 32:27 | VENÓN | Sigfridinho · wall_segment Palisade Wall x1 |
| 33:26 | VENÓN | Sigfridinho · first_market_sell 100 food |
| 33:28 | VENÓN | Sigfridinho · first_building Castle |
| 34:17 | Trundle the Great · first_building Castle |
| 34:53 | VENÓN | Sigfridinho · wall_segment Stone Wall x3 |
| 34:54 | VENÓN | Sigfridinho · wall_segment Stone Wall x5 |
| 34:55 | VENÓN | Sigfridinho · wall_segment Stone Wall x3 |
| 35:00 | VENÓN | Sigfridinho · wall_segment Stone Wall x2 |
| 36:04 | VENÓN | Sigfridinho · wall_segment Stone Wall x1 |
| 36:05 | VENÓN | Sigfridinho · wall_segment Stone Wall x1 |
| 36:39 | VENÓN | Sigfridinho · age_up imperial |
| 36:56 | Trundle the Great · age_up imperial |
| 39:20 | Trundle the Great · first_building Siege Workshop |
| 46:34 | VENÓN | Sigfridinho · first_building Stable |
| 50:29 | Trundle the Great · resign |
[ AI ANALYSIS · 1 CREDIT ]
What really happened in this match?
Wolo.gg analyzes every decision: build order, eco, micro, common mistakes by bracket. Personalized analysis on WhatsApp or Discord in 30 seconds.
Civ guide
Vietnamese
Perfil
Jugador #4847475